 Dungeon Crawl Stone Soup version 0.30-a0-279-g4b46babb21 (webtiles) character file.

Game seed: 8587196013648186066

26 koil the Sneak (level 2, -1/14 HPs)
             Began as a Spriggan Enchanter on Oct 17, 2022.
             Slain by Crazy Yiuf
             ... wielding a +4 quarterstaff of chaos
              (5 damage)
             ... on level 2 of the Dungeon.
             The game lasted 00:02:49 (1504 turns).

koil the Sneak (Spriggan Enchanter)                 Turns: 1504, Time: 00:02:50

Health: -1/14      AC:  2    Str:  4    XL:     2   Next: 89%
Magic:  7/7        EV: 17    Int: 16    God:
Gold:   129        SH:  0    Dex: 15    Spells: 5/7 levels left

rFire   . . .      SeeInvis +    a - +1 dagger
rCold   . . .      Faith    .    (no shield)
rNeg    . . .      Spirit   .    n - +0 robe
rPois   .          Reflect  .    (helmet restricted)
rElec   .          Harm     .    (no cloak)
rCorr   .          Rampage  .    (gloves unavailable)
Will    .....                    (boots unavailable)
Stlth   +++.......               h - amulet of the acrobat
HPRegen 0.22/turn                (no ring)
MPRegen 0.10/turn                (no ring)

@: very quick
A: very small, no large weapons, unfitting armour, see invisible, speed 3
a: no special abilities


You were on level 2 of the Dungeon.
You visited 1 branch of the dungeon, and saw 2 of its levels.

You collected 129 gold pieces.

Inventory:

Hand Weapons
 a - a +1 dagger (weapon)
Missiles
 o - 6 poisoned darts (quivered)
Armour
 b - a +0 robe
 k - a +0 robe
 n - a +0 robe (worn)
Jewellery
 h - an amulet of the acrobat (around neck)
Scrolls
 d - 4 scrolls of identify {unknown}
 e - a scroll of poison {unknown}
 f - a scroll of enchant weapon {unknown}
 l - a scroll of vulnerability {unknown}
 m - 2 scrolls of teleportation {unknown}
 p - a scroll of brand weapon {unknown}
Potions
 c - 2 potions of invisibility
 g - a potion of heal wounds {unknown}
 i - a potion of haste {unknown}
 j - 2 potions of mutation {unknown}


   Skills:
 + Level 0.6 Fighting
 + Level 1.6 Short Blades
 + Level 3.1 Dodging
 + Level 4.7 Stealth
 + Level 3.0 Spellcasting
 + Level 3.9 Hexes


You had 5 spell levels left.
You knew the following spells:

 Your Spells              Type           Power      Damage    Failure   Level
a - Ensorcelled Hibernat  Hex/Ice        16%        N/A       13%         2

Your spell library contained the following spells:

 Spells                   Type           Power      Damage    Failure   Level
 Confusing Touch          Hex            14%        N/A       11%         3
 Tukima's Dance           Hex            14%        N/A       11%         3
 Dazzling Flash           Conj/Hex       16%        N/A       26%         3


Dungeon Overview and Level Annotations

Branches:
Dungeon (2/15)

Altars:

Annotations:
D:2 Crazy Yiuf


Innate Abilities, Weirdness & Mutations

You are very small and have problems with some larger weapons.
You are too small for most types of armour.
You have supernaturally acute eyesight. (SInv)
You cover ground extremely quickly. (Speed+++)


Message History

The bush is almost destroyed.
You hit the bush but do no damage.
The bush is almost destroyed.
You hit the bush but do no damage.
The bush is almost destroyed.
You hit the bush but do no damage.
The bush is almost destroyed.
You hit the bush but do no damage.
The bush is almost destroyed.
You hit the bush but do no damage.
The bush is almost destroyed.
You hit the bush but do no damage.
The bush is almost destroyed.
You hit the bush.
You destroy the bush!
You hit the fungus.
The fungus begins to die.
The fungus is lightly damaged.
You hit the fungus.
The fungus is lightly damaged.
You hit the fungus but do no damage.
The fungus is lightly damaged.
You hit the fungus.
The fungus is lightly damaged.
A nearby fungus withers and dies.
Found a hammer.
Found a runed translucent door.
Crazy Yiuf shouts!
Okay, then.
Could not explore, unopened runed door.
You open the door. You hit Crazy Yiuf.
Crazy Yiuf is lightly wounded.
Crazy Yiuf misses you.
You hit Crazy Yiuf.
Crazy Yiuf is lightly wounded.
Crazy Yiuf yells, "Mama!"
Crazy Yiuf hits you with a +4 quarterstaff of chaos!
Ouch! That really hurt!
* * * LOW HITPOINT WARNING * * *
Space warps horribly around you.
You die...

###♣♣♣♣♣
##.#P.♣.♣♣♣ ###
##......♣..♣#...#
##....♣P♣♣♣♣@g...#
#....#P♣♣ ♣♣#..)#
#.####♣♣ ### #.#
#.# #.# ####### #.#
#..(..#
#####.#######.....#
..................#


You could see Crazy Yiuf.

Vanquished Creatures
  An adder (D:2)
  2 ball pythons
  A bat (D:2)
  2 endoplasms (D:1)
  A goblin (D:2)
  A hobgoblin (D:1)
  5 kobolds
  4 frilled lizards
  A rat (D:1)
  A bush (D:2)
19 creatures vanquished.

Vanquished Creatures (others)
  A fungus (D:2)
1 creature vanquished.

Grand Total: 20 creatures vanquished

Notes
Turn   | Place    | Note
-------+----------+-------------------------------------------
     0 | D:1      | koil the Spriggan Enchanter began the quest for the Orb.
     0 | D:1      | Reached XP level 1. HP: 9/9 MP: 5/5
   226 | D:1      | Reached XP level 2. HP: 14/14 MP: 6/6
   229 | D:1      | Learned a level 2 spell: Ensorcelled Hibernation
  1496 | D:2      | Found a runed translucent door.
  1497 | D:2      | Noticed Crazy Yiuf
  1504 | D:2      | Slain by Crazy Yiuf

Illustrated notes

Levels and vault maps discovered:
D:1:      eino_arrival_tree_alley, layout_rooms
D:2:      layout_rooms, kennysheep_doodads, minivault_5, uniq_crazy_yiuf_cottage

Skill      XL: |  1  2 |
---------------+-------+-----
Dodging        | 3 |  3.1
Spellcasting   | 3 |  3.0
Fighting       | |  0.6
Short Blades   | |  1.6
Stealth        | |  4.7
Hexes          | |  3.9

Action                   || total
-------------------------++-------
Melee: Dagger            ||   317
       Punch             ||     4
 Stab: Sleeping          ||     7
Armor: Robe              ||     2
Dodge: Dodged            ||    20

Table legend: (Time is in decaauts)
 A = Elapsed time spent in this place.
 B = Non-inter-level travel time spent in this place.
 C = Inter-level travel time spent in this place.
 D = Time resting spent in this place.
 E = Time spent auto-exploring this place.
 F = Levels seen in this place.
 G = Mean time per level.
                   A        B        C        D        E       F      G
               +--------+--------+--------+--------+--------+-----+--------+
         Total |   1047 |   1017 |     30 |      0 |    580 |   2 |  523.5 |
       Dungeon |   1047 |   1017 |     30 |      0 |    580 |   2 |  523.5 |
               +--------+--------+--------+--------+--------+-----+--------+

Top non-repeatable levels by time:
     D:2: 734 daAuts
     D:1: 313 daAuts
